 Dungeon Crawl Stone Soup version 0.29-a0-553-g81b289dbe5 (webtiles) character file.

Game seed: 7412981714201360423

163 DocClef the Covert (level 5, -4/47 HPs)
             Began as a Gnoll Delver on June 6, 2022.
             Slain by an ice beast (6 damage)
             ... in the Ecumenical Temple.
             The game lasted 00:01:12 (304 turns).

DocClef the Covert (Gnoll Delver)                    Turns: 304, Time: 00:01:12

Health: -4/47      AC:  3    Str: 14    XL:     5   Next: 44%
Magic:  7/7        EV: 13    Int:  9    God:
Gold:   19         SH:  0    Dex: 13    Spells: 7/7 levels left

rFire   . . .      SeeInvis .   a - +0 short sword
rCold   . . .      Faith    .   (no shield)
rNeg    . . .      Spirit   .   b - +0 leather armour
rPois   .          Reflect  .   (no helmet)
rElec   .          Harm     .   (no cloak)
rCorr   .          Rampage  .   (no gloves)
Will    .....                   (no boots)
Stlth   ++++......              (no amulet)
HPRegen 0.15/turn               (no ring)
MPRegen 0.10/turn               (no ring)

@: no status effects
A: fangs 1, strong nose, distributed training
a: no special abilities


You were in the Ecumenical Temple.
You visited 2 branches of the dungeon, and saw 4 of its levels.

You collected 19 gold pieces.

Inventory:

Hand Weapons
 a - a +0 short sword (weapon)
Armour
 b - a +0 leather armour (worn)
Wands
 g - a wand of digging (3)
Scrolls
 c - a scroll of fog
 d - a scroll of identify
 e - a scroll of fear
Potions
 f - a potion of haste


   Skills:
 + Level 6.7 Fighting
 + Level 4.8 Short Blades
 + Level 1.5 Long Blades
 + Level 1.5 Axes
 + Level 1.5 Maces & Flails
 + Level 1.5 Polearms
 + Level 1.5 Staves
 + Level 1.5 Slings
 + Level 1.5 Bows
 + Level 1.5 Crossbows
 + Level 1.5 Throwing
 + Level 1.5 Armour
 + Level 4.8 Dodging
 + Level 9.7 Stealth
 + Level 1.5 Shields
 + Level 1.5 Unarmed Combat
 + Level 1.5 Spellcasting
 + Level 1.2 Conjurations
 + Level 1.2 Hexes
 + Level 1.2 Summonings
 + Level 1.2 Necromancy
 + Level 1.2 Translocations
 + Level 1.2 Transmutations
 + Level 1.2 Fire Magic
 + Level 1.2 Ice Magic
 + Level 1.2 Air Magic
 + Level 1.2 Earth Magic
 + Level 1.2 Poison Magic
 + Level 1.7 Invocations
 + Level 1.5 Evocations


You had 7 spell levels left.
You didn't know any spells.
Your spell library was empty.

Dungeon Overview and Level Annotations

Branches:
Dungeon (8/15)             Temple (1/1) D:7
   Lair: D:8-11

Altars:


Innate Abilities, Weirdness & Mutations

You have very sharp teeth.
Your uncanny sense of smell can sniff out nearby items.
Your experience applies equally to all skills.


Message History

The ice beast closely misses you.
Found a stone staircase leading up.
The orc wizard attacks as you move away!
The orc wizard closely misses you.
Found a stone staircase leading down.
The ice beast closely misses you. The ice beast attacks as you move away!
The ice beast closely misses you.
The orc wizard mumbles some strange words.
The orc wizard flickers and vanishes!
The ice beast attacks as you move away! The ice beast hits you.
The ice beast freezes you!
* * * LOW HITPOINT WARNING * * *
There is a stone staircase leading up here.
The ice beast hits you.
* * * LOW HITPOINT WARNING * * *
The ice beast freezes you!
* * * LOW HITPOINT WARNING * * *
You climb upwards.
Reactivating autopickup.
Found 44 stones.
Found a staircase to the Ecumenical Temple.
There is a stone staircase leading down here.
Found 10 gold pieces.
Unknown command.
The ice beast attacks as you move away! The ice beast barely misses you.
Found a scale mail.
Found an escape hatch in the floor.
Found 19 stones.
There is a staircase to the Ecumenical Temple here.
The ice beast completely misses you.
You climb downwards.
Welcome to the Ecumenical Temple!
There is a staircase back to the Dungeon here.
You hit the ice beast.
The ice beast is lightly wounded.
The ice beast barely misses you.
You barely miss the ice beast. Your punch misses the ice beast.
The ice beast is lightly wounded.
The ice beast hits you.
* * * LOW HITPOINT WARNING * * *
The ice beast freezes you.
You die...

..# #..
..#..
.....
... ...
##.##
##...##
#..@..#
##.Y.##
##.##
... ...
.....
..#..
..# #..


You could see an ice beast.

Vanquished Creatures
  A steam dragon (D:8)
  A jelly (D:5)
2 creatures vanquished.

Notes
Turn   | Place    | Note
-------+----------+-------------------------------------------
     0 | D:5      | Reached skill level 9 in Stealth
     0 | D:5      | DocClef the Gnoll Delver began the quest for the Orb.
     0 | D:5      | Reached XP level 1. HP: 23/23 MP: 1/1
    13 | D:5      | Noticed a jelly
    20 | D:5      | Killed a jelly
    21 | D:5      | Reached XP level 2. HP: 29/29 MP: 2/2
    21 | D:5      | Reached XP level 3. HP: 35/35 MP: 3/3
    26 | D:5      | You fall into a shaft and drop 3 floors!
    53 | D:8      | Noticed a tengu warrior
    60 | D:8      | Noticed an ice beast
    65 | D:8      | Noticed a basilisk
   128 | D:8      | Noticed a steam dragon
   133 | D:8      | Killed a steam dragon
   134 | D:8      | Reached skill level 1 in Long Blades
   134 | D:8      | Reached skill level 1 in Axes
   134 | D:8      | Reached skill level 1 in Maces & Flails
   134 | D:8      | Reached skill level 1 in Polearms
   134 | D:8      | Reached skill level 1 in Staves
   134 | D:8      | Reached skill level 1 in Slings
   134 | D:8      | Reached skill level 1 in Bows
   134 | D:8      | Reached skill level 1 in Crossbows
   134 | D:8      | Reached skill level 1 in Throwing
   134 | D:8      | Reached skill level 1 in Armour
   134 | D:8      | Reached skill level 1 in Shields
   134 | D:8      | Reached skill level 1 in Unarmed Combat
   134 | D:8      | Reached skill level 1 in Spellcasting
   134 | D:8      | Reached skill level 1 in Conjurations
   134 | D:8      | Reached skill level 1 in Hexes
   134 | D:8      | Reached skill level 1 in Summonings
   134 | D:8      | Reached skill level 1 in Necromancy
   134 | D:8      | Reached skill level 1 in Translocations
   134 | D:8      | Reached skill level 1 in Transmutations
   134 | D:8      | Reached skill level 1 in Fire Magic
   134 | D:8      | Reached skill level 1 in Ice Magic
   134 | D:8      | Reached skill level 1 in Air Magic
   134 | D:8      | Reached skill level 1 in Earth Magic
   134 | D:8      | Reached skill level 1 in Poison Magic
   134 | D:8      | Reached skill level 1 in Invocations
   134 | D:8      | Reached skill level 1 in Evocations
   134 | D:8      | Reached XP level 4. HP: 41/41 MP: 3/6
   134 | D:8      | Reached XP level 5. HP: 47/47 MP: 3/7
   236 | D:8      | Noticed a yak
   236 | D:8      | Noticed a yak
   236 | D:8      | Noticed a yak
   253 | D:8      | Noticed an orc warrior
   260 | D:8      | Noticed a green ugly thing
   292 | D:8      | HP: 1/47 [ice beast (9)]
   293 | D:7      | Found a staircase to the Ecumenical Temple.
   302 | Temple   | Entered the Ecumenical Temple
   304 | Temple   | HP: 2/47 [ice beast (1)]
   304 | Temple   | Slain by an ice beast

Illustrated notes

Levels and vault maps discovered:
D:5:      layout_loops_cross, amcnicky_altar_gilded
D:7:      layout_cave_pools, minmay_temple_entry_drinking_statues, serial_shops,
          shop, kennysheep_generic_room_16
D:8:      layout_layer_cave, dancing_weapons_uskayaw, minmay_diamond_spiral
Temple:   eino_temple_scatter_basement

Skill      XL: |  1  2  3 |
---------------+----------+-----
Stealth        | |  9.7
Long Blades    | 1 |  1.5
Axes           | 1 |  1.5
Maces & Flails | 1 |  1.5
Polearms       | 1 |  1.5
Staves         | 1 |  1.5
Slings         | 1 |  1.5
Bows           | 1 |  1.5
Crossbows      | 1 |  1.5
Throwing       | 1 |  1.5
Armour         | 1 |  1.5
Shields        | 1 |  1.5
Unarmed Combat | 1 |  1.5
Spellcasting   | 1 |  1.5
Conjurations   | 1 |  1.2
Hexes          | 1 |  1.2
Summonings     | 1 |  1.2
Necromancy     | 1 |  1.2
Translocations | 1 |  1.2
Transmutations | 1 |  1.2
Fire Magic     | 1 |  1.2
Ice Magic      | 1 |  1.2
Air Magic      | 1 |  1.2
Earth Magic    | 1 |  1.2
Poison Magic   | 1 |  1.2
Invocations    | 1 |  1.7
Evocations     | 1 |  1.5
Fighting       | |  6.7
Short Blades   | |  4.8
Dodging        | |  4.8

Action                   |  1- 3 |  4- 6 || total
-------------------------+-------+-------++-------
Melee: Short sword       |     2 |     2 ||     4
  Use: Scroll            |     1 |     1 ||     2
 Stab: Sleeping          |     2 |       ||     2
Armor: Leather armour    |       |     3 ||     3
Dodge: Dodged            |       |    11 ||    11

Table legend: (Time is in decaauts)
 A = Elapsed time spent in this place.
 B = Non-inter-level travel time spent in this place.
 C = Inter-level travel time spent in this place.
 D = Time resting spent in this place.
 E = Time spent auto-exploring this place.
 F = Levels seen in this place.
 G = Mean time per level.
                   A        B        C        D        E       F      G
               +--------+--------+--------+--------+--------+-----+--------+
         Total |    302 |    297 |      5 |      0 |    168 |   4 |   75.5 |
       Dungeon |    301 |    296 |      5 |      0 |    168 |   3 |  100.3 |
        Temple |      1 |      1 |      0 |      0 |      0 |   1 |    1.0 |
               +--------+--------+--------+--------+--------+-----+--------+

Top non-repeatable levels by time:
     D:8: 266 daAuts
     D:5: 25 daAuts
     D:7: 8 daAuts
  Temple: 1 daAuts
